 Dungeon Crawl Stone Soup version 0.30-a0-58-gc0703345a7 (webtiles) character file.

Game seed: 1258017897415810386

41 Ofeo the Trooper (level 3, -8/31 HPs)
             Began as a Palentonga Fighter on Sept 11, 2022.
             Killed from afar by Sigmund (11 damage)
             ... with a magic dart
             ... on level 2 of the Dungeon.
             The game lasted 00:02:35 (2358 turns).

Ofeo the Trooper (Palentonga Fighter)               Turns: 2358, Time: 00:02:36

Health: -8/31      AC:  6    Str: 23    XL:     3   Next: 32%
Magic:  3/3        EV:  7    Int:  6    God:
Gold:   93         SH:  4    Dex:  9    Spells: 2/2 levels left

rFire   . . .      SeeInvis +    a - +0 war axe
rCold   . . .      Faith    .    c - +0 buckler
rNeg    . . .      Spirit   .    b - +0 scale mail
rPois   .          Reflect  .    (helmet restricted)
rElec   .          Harm     .    (no cloak)
rCorr   .          Rampage  .    (no gloves)
Will    .....                    (no barding)
Stlth   ..........               (no amulet)
HPRegen 0.10/turn                (no ring)
MPRegen 0.08/turn                (no ring)

@: mighty
A: large, rugged brown scales 3, see invisible, deformed body, roll 1, armoured
tail, horns 1, dopey 1
a: Rolling Charge


You were on level 2 of the Dungeon.
You visited 1 branch of the dungeon, and saw 3 of its levels.

You collected 93 gold pieces.

Inventory:

Hand Weapons
 a - a +0 war axe (weapon)
Armour
 b - a +0 scale mail (worn)
 c - a +0 buckler (worn)
Scrolls
 h - a scroll of enchant armour {unknown}
 i - a scroll of blinking {unknown}
 k - a scroll of brand weapon {unknown}
 l - a scroll of enchant weapon {unknown}
 n - a scroll of vulnerability {unknown}
Potions
 e - a potion of lignification
 q - a potion of curing {@q1}


   Skills:
 + Level 3.4 Fighting
 + Level 2.5 Axes
 + Level 2.7 Armour
 + Level 3.1 Shields


You had 2 spell levels left.
You didn't know any spells.
Your spell library contained the following spells:

 Spells                   Type           Power      Damage    Failure   Level
 Ignite Poison            Fire/Tmut/Pois 0%         N/A       99%         3
 Mephitic Cloud           Conj/Pois/Air  0%         N/A       99%         3
 Freezing Cloud           Conj/Ice/Air   0%         6-21      100%        5


Dungeon Overview and Level Annotations

Branches:
Dungeon (3/15)

Altars:

Annotations:
D:2 Sigmund


Innate Abilities, Weirdness & Mutations

You are completely covered in rugged brown scales. (AC +3, +7% HP)
You have supernaturally acute eyesight. (SInv)
Armour fits poorly on your strangely shaped body.
You can roll at nearby foes to attack.
You have a long armoured tail.
You have a pair of small horns on your head.
You are dopey. (Int -2)


Message History

You recover from your berserk rage.
You climb upwards.
Level annotation: Sigmund Sigmund breathes a few words.
Sigmund's hands start flickering wildly.
There is a stone staircase leading down here.
You roll forward with a clatter of scales!
You closely miss Sigmund.
Sigmund hits you with a +2 scythe of protection!
You take 8 damage, and have 19/31 hp.
MASSIVE DAMAGE!!
You feel very mighty all of a sudden. Sigmund gestures at you while chanting.
You are confused.
You bump into the rock wall.
Sigmund hits you with a +2 scythe of protection!
* * * LOW HITPOINT WARNING * * *
You take 10 damage, and have 9/31 hp.
MASSIVE DAMAGE!!
You're too confused to move!
You bump into the rock wall.
Sigmund points at you and mumbles some strange words.
The magic dart hits you.
* * * LOW HITPOINT WARNING * * *
You take 2 damage, and have 7/31 hp.
Sigmund hits you from afar with a +2 scythe of protection.
* * * LOW HITPOINT WARNING * * *
You take 2 damage, and have 5/31 hp.
Sigmund hits you from afar with a +2 scythe of protection.
* * * LOW HITPOINT WARNING * * *
You take 2 damage, and have 3/31 hp.
You feel less confused.
You are too injured to fight recklessly!
Roll where?
Press: ? - help, Dir - move target, f/p - Sigmund
Aim: Sigmund, wielding a +2 scythe of protection and wearing a +0 robe You roll forward with a clatter of scales!
You closely miss Sigmund. You headbutt Sigmund!
Sigmund is moderately wounded.
Sigmund gestures at you while chanting. The magic dart hits you!
You die...

########..<...#........# #.#
.........#.>..#...#.#### #.#
.##########.###.....# #.# .####
#.....#..####### #.# ....#
#.##..#.......†###.####.#
....#####.##..##..####..........#
#...#..........##.## #..##.######
#...#.......#..@...# #..##.######
#...#........###@..###..##.......
.....####....###.○..##..#########
####.# #....##...☼>##..# #.#
#....##.##.###..# #.#
##+#####......#..# #.# #....#
#..#.#.#..# ..# #....#
#..#.#.#..# ###
#....###..#.#.#..#
##........#.#.#..#


You could see Sigmund.

Vanquished Creatures
  An adder (D:2)
  A ball python (D:1)
  2 endoplasms
  4 goblins
  5 hobgoblins
  4 jackals (D:1)
  2 bats (D:1)
  A frilled lizard (D:2)
  5 kobolds
  3 rats
28 creatures vanquished.

Notes
Turn   | Place    | Note
-------+----------+-------------------------------------------
     0 | D:1      | Ofeo the Palentonga Fighter began the quest for the Orb.
     0 | D:1      | Reached XP level 1. HP: 19/19 MP: 1/1
   127 | D:1      | Reached XP level 2. HP: 12/25 MP: 2/2
   896 | D:1      | Found a faded altar of an unknown god.
  1925 | D:2      | Reached XP level 3. HP: 31/31 MP: 3/3
  2036 | D:2      | Noticed Sigmund
  2042 | D:2      | Gained mutation: You are dopey. (Int -2) [potion of
                  | mutation]
  2042 | D:2      | Gained mutation: You have a pair of small horns on your
                  | head. [potion of mutation]
  2358 | D:2      | Killed from afar by Sigmund

Illustrated notes

Levels and vault maps discovered:
D:1:      dpeg_arrival_simpleton_b, layout_basic,
          shapermc_ecumenical_altar_ellora
D:2:      layout_basic, serial_shops, shop, uniq_sigmund
D:3:      cheibrodos_old_hovel, layout_rooms, nicolae_underground_beach,
          uniq_robin, uniq_ijyb, uniq_terence

Skill      XL: |  1  2 |
---------------+-------+-----
Shields        | 3 |  3.1
Fighting       | |  3.4
Axes           | |  2.5
Armour         | |  2.7

Action                   || total
-------------------------++-------
Melee: War axe           ||    86
       Tailslap          ||     7
       Headbutt          ||     3
 Abil: Rolling Charge    ||    16
  Use: Potion            ||     5
       Scroll            ||     2
Armor: Scale mail        ||    32
       Skin              ||    17
Dodge: Dodged            ||    27
Block: Buckler           ||    15

Table legend: (Time is in decaauts)
 A = Elapsed time spent in this place.
 B = Non-inter-level travel time spent in this place.
 C = Inter-level travel time spent in this place.
 D = Time resting spent in this place.
 E = Time spent auto-exploring this place.
 F = Levels seen in this place.
 G = Mean time per level.
                   A        B        C        D        E       F      G
               +--------+--------+--------+--------+--------+-----+--------+
         Total |   2402 |   2339 |     63 |    276 |   1763 |   3 |  800.7 |
       Dungeon |   2402 |   2339 |     63 |    276 |   1763 |   3 |  800.7 |
               +--------+--------+--------+--------+--------+-----+--------+

Top non-repeatable levels by time:
     D:1: 1775 daAuts
     D:2: 589 daAuts
     D:3: 37 daAuts
